 Dungeon Crawl Stone Soup version 0.18-a0-801-gb01a236 (webtiles) character file.

104279 cluie the Martial Artist (level 15, -2/122 HPs)
             Began as a Demonspawn Transmuter on Dec 13, 2015.
             Was the Champion of Ru.
             Slain by Agnes
             ... wielding a +2 lajatang of distortion
              (7 damage)
             ... on level 1 of the Elven Halls on Dec 14, 2015.
             The game lasted 01:30:36 (25398 turns).

cluie the Martial Artist (Demonspawn Transmuter)   Turns: 25398, Time: 01:30:36

Health: -2/122     AC: 17    Str: 17    XL:     15   Next: 91%
Magic:  25/28      EV: 24    Int: 16    God:    Ru [******]
Gold:   1288       SH:  4    Dex: 20    Spells: 5 memorised, 17 levels left

rFire  . . .     SeeInvis +       - Unarmed
rCold  . . .     Clarity  .     W - +3 leather armour {MR+}
rNeg   . . .     SustAt   .     (shield unavailable)
rPois  .         Gourm    .     V - +2 helmet {SInv}
rElec  +         Spirit   .     a - +2 cloak
rCorr  .         Dismiss  .     r - +0 pair of gloves
rMut   .         Stasis   .     (boots unavailable)
MR     +++..                    D - +4 amulet of reflection
Stlth  ++........               i - ring of Gosk {rElec MR+ Str+4 Dex+4}
                                (ring unavailable)

@: exhausted, no potions, drained, extremely resistant to hostile enchantments,
unstealthy
A: talons 3, thin metallic scales 3, demonic guardian 1, powered by death 2,
augmentation 1, inability to drink while threatened, missing a hand, hated by
all, inability to train armour
a: Draw Out Power, Power Leap, Apocalypse, Renounce Religion


You were on level 1 of the Elven Halls.
You worshipped Ru.
Ru was exalted by your worship.
You were not hungry.

You visited 4 branches of the dungeon, and saw 26 of its levels.
You also visited: Ossuary.

You collected 2374 gold pieces.
You spent 1086 gold pieces at shops.

Inventory:

Hand Weapons
 b - a +1 blowgun
Missiles
 x - 10 curare-tipped needles
Armour
 a - a +2 cloak (worn)
 r - a +0 pair of gloves (worn)
 I - a +0 robe of fire resistance
 V - a +2 helmet of see invisible (worn)
 W - a +3 leather armour of magic resistance (worn)
Jewellery
 i - the ring of Gosk (right hand) {rElec MR+ Str+4 Dex+4}
   (You found it on level 8 of the Dungeon)

   [ring of protection from magic]

   It affects your strength (+4).
   It affects your dexterity (+4).
   It insulates you from electricity.
   It affects your resistance to hostile enchantments.
 m - a +5 ring of protection
 s - an uncursed ring of sustain attributes
 z - an uncursed ring of protection from magic
 A - an uncursed ring of see invisible
 D - a +4 amulet of reflection (around neck)
 K - an uncursed amulet of regeneration
Wands
 j - a wand of digging (12)
 y - a wand of cold (6)
 Q - a wand of disintegration (4)
 S - a wand of heal wounds (0)
Scrolls
 e - 9 scrolls of remove curse
 k - 5 scrolls of immolation
 p - a scroll of teleportation
 u - 2 scrolls of amnesia
 N - 2 scrolls of enchant armour
 O - 2 scrolls of fear
 R - a scroll of silence
 Y - 2 scrolls of identify
Potions
 g - 3 potions of flight
 h - 5 potions of might
 l - 9 potions of curing
 n - a potion of lignification
 t - 4 potions of cancellation
 w - 2 potions of agility
 B - 2 potions of resistance
 C - a potion of cure mutation
 E - 7 potions of brilliance
 G - 3 potions of ambrosia
 H - a potion of berserk rage
 M - 2 potions of invisibility
 P - 4 potions of heal wounds
 T - 2 potions of magic
 X - a potion of haste
Books
 c - a book of Changes

   Spells                             Type                      Level
   a - Beastly Appendage              Transmutation                1
   b - Sticks to Snakes               Transmutation                2
   c - Spider Form                    Transmutation/Poison         3
   d - Ice Form                       Ice/Transmutation            4
   e - Blade Hands                    Transmutation                5
 J - a book of Cantrips

   Spells                             Type                      Level
   a - Corona                         Hexes                        1
   b - Animate Skeleton               Necromancy                   1
   c - Summon Small Mammal            Summoning                    1
   d - Apportation                    Translocation                1
Miscellaneous
 L - a disc of storms
Comestibles
 d - 12 bread rations
 f - 4 meat rations
 o - 2 chunks of flesh
 q - 3 slices of pizza
 v - 3 beef jerkies
 F - 4 fruits
 Z - 6 royal jellies


   Skills:
 + Level 12.8(12.5) Fighting
 * Level 13.9(13.6) Dodging
 * Level 14.3(13.9) Unarmed Combat
 - Level 9.4(9.1) Spellcasting
 - Level 9.6(9.3) Transmutations


You had 17 spell levels left.
You knew the following spells:

 Your Spells              Type           Power        Failure   Level  Hunger
a - Beastly Appendage     Trmt           #####.       1%          1    None
b - Sticks to Snakes      Trmt           #####...     1%          2    None
c - Blade Hands           Trmt           #####.....   10%         5    #####..
d - Ice Form              Ice/Trmt       ###.....     21%         4    ###....
e - Ozocubu's Armour      Chrm/Ice       #.......     38%         3    #......


Dungeon Overview and Level Annotations

Branches:
Dungeon (15/15)            Temple (0/1) D:6            Lair (8/8) D:9
  Swamp (0/4) Lair:5        Snake (0/4) Lair:5        Slime (0/6) Lair:7
    Orc (2/2) D:12            Elf (1/3) Orc:2        Vaults (0/5) D:13
 Depths: D:15

Altars:
Cheibriados
Elyvilon
Makhleb
Pakellas
Ru
Vehumet
Yredelemnul
Beogh

Shops:
D:5 (   D:6 (   D:11 ?   Orc:1 *   Orc:2 *(=[

Annotations:
D:13 VAULTS
Elf:1 Agnes


Innate Abilities, Weirdness & Mutations

You have claws for feet.
You are completely covered in thin metallic scales (AC +4, rElec).
A weak demonic guardian rushes to your aid.
You regenerate health from kills.
Your magical and physical power is slightly enhanced at high health.
You cannot drink potions while threatened.
You are missing a hand.
You are hated by all.
You cannot train Armour skill.


Message History

Agnes is severely wounded.
Agnes hits you with a lajatang of distortion!
Space warps horribly around you!
* * * LOW HITPOINT WARNING * * *
Unknown command.
You barely miss Agnes. Your kick misses Agnes.
Agnes is severely wounded.
Agnes hits you but does no damage. Space bends around you.
* * * LOW HITPOINT WARNING * * *
Unknown command.
You barely miss Agnes.
Agnes is severely wounded.
Agnes is no longer moving slowly.
You block Agnes's attack.
Read which item? (? for menu, Esc to quit)
Okay, then.
Agnes completely misses you. The fire elemental barely misses you.
Agnes hits you with a lajatang of distortion!!
* * * LOW HITPOINT WARNING * * *
Space bends around you.
You die...

##.. #=#.#..# .. ##....
##...## #≈#.##.###.# #....
##..... #...#......#..#....#
#.....######'##............##
##......#.#.#.#..##.###....##
##.......(.).........# #...#
#.##...)...##..##.##..# ..#
#.##....(####.?.....#..
#..##...## #@##...###.
#...#.(######i#.....#
#)##.#.......E§§.§§..#
#(####..........§....#
#..()().............#
#(####..=...........# #.#
#............### ##.#
#............# #..#
#..........###


You could see Agnes and a fire elemental.

Vanquished Creatures
  Saint Roka (Orc:2)
  Maud (D:13)
  A deep elf sorcerer (Elf:1)
  A deep elf demonologist (Elf:1)
  Snorg (Lair:6)
  A vault guard (D:13)
  Josephine (Orc:2)
  7 hydras
  Erica (D:11)
  2 catoblepae
  3 dancing weapons (Elf:1)
  A deep troll shaman (Lair:8)
  2 orc high priests
  20 death yaks
  Sonja (D:11)
  A deep elf knight (Elf:1)
  A wizard (D:13)
  2 unseen horrors
  Pikel (D:5)
  3 deep elf archers
  A wolf spider zombie (D:13)
  5 hill giants
  A lindwurm (Lair:8)
  2 griffons (Lair:7)
  2 necromancers (D:13)
  18 deep elf magi
  4 orc knights
  4 ugly things
  4 orc sorcerers (Orc:2)
  A manticore (D:11)
  A cyclops (Orc:1)
  6 black mambas
  7 elephants
  Joseph (D:7)
  11 komodo dragons
  2 centaur skeletons
  6 spiny frogs
  An efreet (D:14)
  A redback zombie (D:14)
  A kobold demonologist (D:13)
  2 fire drakes
  7 trolls
  3 polar bears (Lair:8)
  2 two-headed ogres
  A giant leech (Lair:5)
  Grinder (D:6)
  5 slime creatures (D:12)
  A queen bee (D:8)
  15 blink frogs
  A spriggan (shapeshifter) (D:15)
  A shadow (D:12)
  64 yaks
  A boulder beetle (Lair:6)
  4 wraiths
  2 basilisks (D:14)
  2 water elementals
  A wyvern (D:13)
  18 humans (D:13)
  4 hippogriffs
  A steam dragon (D:14)
  A hungry ghost (D:13)
  A mottled dragon (D:11)
  2 wargs
  22 wolves
  12 water moccasins
  4 slaves
  27 orc warriors
  7 porcupines
  3 wasps
  A naga (Lair:5)
  A sky beast (D:14)
  7 ogres
  A black bear (D:11)
  2 ice beasts (D:8)
  A necrophage (D:11)
  3 big kobolds
  12 centaurs
  9 crocodiles
  21 giant frogs
  An earth elemental (Elf:1)
  A wyvern zombie (D:10)
  2 wyvern skeletons
  13 scorpions
  22 killer bees
  3 wights (D:10)
  4 electric eels
  2 quasits
  A human zombie (Ossuary)
  5 centaur zombies
  A giant frog zombie (D:7)
  3 hounds
  11 orc priests
  9 crimson imps
  3 giant frog skeletons
  5 iguanas
  9 jellies
  23 orc wizards
  2 sheep
  8 worker ants
  2 big kobold zombies (Ossuary)
  A hound zombie (D:6)
  A hound skeleton (D:8)
  3 mummies (Ossuary)
  3 scorpion zombies (Ossuary)
  7 gnolls
  91 river rats
  A shadow imp (D:6)
  10 adders
  2 giant eyeballs (Elf:1)
  An ooze (Lair:7)
  An adder zombie (D:8)
  2 adder skeletons (D:5)
  A worm (D:2)
  7 giant geckos
  63 orcs
  A ball python (D:2)
  14 bats
  3 gnoll zombies (Ossuary)
  10 goblins
  7 hobgoblins
  9 jackals
  23 kobolds
  10 giant cockroaches
  6 giant newts
  A goblin zombie (Ossuary)
  A hobgoblin zombie (Ossuary)
  2 kobold zombies (Ossuary)
  An orc zombie (Ossuary)
  2 quokkas
  6 rats
  6 fungi (Lair:8)
  4 plants (Lair:8)
834 creatures vanquished.

Vanquished Creatures (collateral kills)
  Crazy Yiuf (D:2)
  An iguana (D:4)
  An adder (D:3)
3 creatures vanquished.

Vanquished Creatures (others)
  A hydra (Lair:2)
  A dancing weapon (Elf:1)
  An unseen horror (D:10)
  A necromancer (D:13)
  A deep elf mage (D:13)
  A black mamba (Lair:7)
  A centaur zombie (D:14)
  A spiny frog (Lair:1)
  A gargoyle (D:10)
  3 trolls
  A centaur (D:10)
  2 killer bees (D:12)
  A scorpion (Ossuary)
  A giant frog skeleton (D:13)
  A river rat (Lair:7)
  A shadow imp (D:14)
  An orc (D:9)
  A kobold (D:13)
  12 fungi
  6 plants
39 creatures vanquished.

Grand Total: 876 creatures vanquished

Notes
Turn   | Place    | Note
--------------------------------------------------------------
     0 | D:1      | cluie the Demonspawn Transmuter began the quest for the Orb.
     0 | D:1      | Reached XP level 1. HP: 15/15 MP: 3/3
   429 | D:1      | Gained mutation: You are partially covered in thin metallic scales (AC +2). [demonic ancestry]
   429 | D:1      | Reached XP level 2. HP: 21/21 MP: 5/5
   435 | D:1      | Learned a level 2 spell: Sticks to Snakes
   601 | D:1      | Reached skill level 3 in Unarmed Combat
   862 | D:1      | Gained mutation: You are mostly covered in thin metallic scales (AC +3). [demonic ancestry]
   862 | D:1      | Reached XP level 3. HP: 8/26 MP: 6/6
  1775 | D:2      | Found a white marble altar of Elyvilon.
  2076 | D:2      | Noticed Crazy Yiuf
  2120 | D:2      | Killed Crazy Yiuf
  2262 | D:2      | Reached XP level 4. HP: 23/33 MP: 7/7
  2393 | D:2      | Found an oddly glowing altar of Pakellas.
  2941 | D:3      | Found a sacrificial altar of Ru.
  2947 | D:3      | Became a worshipper of Ru the Awakened
  3038 | D:4      | Noticed an ogre
  3312 | D:4      | Reached XP level 5. HP: 38/38 MP: 1/8
  3326 | D:4      | Found a sacrificial altar of Ru.
  3374 | D:4      | Killed an ogre
  3374 | D:4      | Reached skill level 4 in Unarmed Combat
  3388 | D:4      | Found a snail-covered altar of Cheibriados.
  3432 | D:4      | Found an oddly glowing altar of Pakellas.
  3689 | D:5      | Entered Level 5 of the Dungeon
  3729 | D:5      | Gained mutation: You have sharp toenails. [demonic ancestry]
  3729 | D:5      | Reached XP level 6. HP: 41/46 MP: 9/9
  3826 | D:5      | Noticed Pikel
  4624 | D:5      | Killed Pikel
  4624 | D:5      | Reached skill level 5 in Dodging
  4624 | D:5      | Reached skill level 5 in Unarmed Combat
  4624 | D:5      | Gained mutation: You regenerate a little health from kills. [demonic ancestry]
  4624 | D:5      | Reached XP level 7. HP: 12/52 MP: 1/10
  4626 | D:5      | why was pikel so fucking tough
  4785 | D:5      | Gained mutation: You are hated by all. [Ru sacrifice]
  4785 | D:5      | Reached * piety under Ru
  4809 | D:5      | Learned a level 5 spell: Blade Hands
  4923 | D:5      | Found Yvuof's Antique Weapon Emporium.
  5326 | D:6      | Found a radiant altar of Vehumet.
  5336 | D:6      | Found a staircase to the Ecumenical Temple.
  5415 | D:6      | Found a burning altar of Makhleb.
  5489 | D:6      | Reached skill level 6 in Unarmed Combat
  5505 | D:6      | Noticed Grinder
  5866 | D:5      | Gained mutation: You are completely covered in thin metallic scales (AC +4, rElec). [demonic ancestry]
  5866 | D:5      | Reached XP level 8. HP: 41/60 MP: 11/11
  5941 | D:6      | Found Weanga's Antique Weapon Boutique.
  6164 | D:6      | Paralysed by Grinder for 2 turns
  6182 | D:6      | Killed Grinder
  6185 | D:6      | why was pikel so much more difficult than grinder
  6185 | D:6      | eh, the world will never know
  6221 | D:6      | Found a basalt altar of Yredelemnul.
  6444 | D:7      | Noticed a deep elf mage
  6447 | D:7      | OH WHAT THE FUCK
  6452 | D:7      | are you fucking kidding me???
  6695 | D:7      | Found a sand-covered staircase.
  6699 | Ossuary  | Entered an ossuary
  6840 | Ossuary  | Reached skill level 5 in Fighting
  6840 | Ossuary  | Reached skill level 7 in Unarmed Combat
  6842 | Ossuary  | DRINK
  6842 | Ossuary  | Gained mutation: You cannot drink potions while threatened. [Ru sacrifice]
  6842 | Ossuary  | Reached ** piety under Ru
  7020 | Ossuary  | Gained mutation: A weak demonic guardian rushes to your aid. [demonic ancestry]
  7020 | Ossuary  | Reached XP level 9. HP: 62/68 MP: 12/12
  7037 | Ossuary  | nice
  7043 | Ossuary  | ofc i got it
  7292 | D:7      | Noticed Joseph
  8269 | D:9      | Noticed a komodo dragon
  8276 | D:9      | Found a staircase to the Lair.
  8310 | D:9      | Killed a komodo dragon
  8310 | D:9      | Reached skill level 8 in Unarmed Combat
  8366 | D:9      | Gained mutation: You cannot train Armour skill. [Ru sacrifice]
  8366 | D:9      | Reached *** piety under Ru
  8725 | D:10     | Entered Level 10 of the Dungeon
  8760 | D:10     | Noticed an unseen horror
  8852 | D:10     | Killed an unseen horror
  8852 | D:10     | Reached XP level 10. HP: 30/77 MP: 15/15
  8972 | D:10     | Noticed a deep elf mage
  8973 | D:10     | seriously???
  9008 | D:10     | Killed a deep elf mage
  9129 | D:10     | Upgraded the game from 0.18-a0-775-g4d9e04e to 0.18-a0-801-gb01a236
  9134 | D:10     | well
  9134 | D:10     | what a way to go
  9251 | D:10     | Noticed a hill giant
  9268 | D:10     | Noticed a hill giant
  9490 | D:8      | Got a heavily runed bone ring
  9492 | D:8      | Identified the ring of Gosk {rElec MR+ Str+4 Dex+4} (You found it on level 8 of the Dungeon)
  9493 | D:8      | wow
  9876 | D:7      | Killed a deep elf mage
 10065 | D:7      | Killed Joseph
 10111 | D:7      | Got a warped hat
 10117 | D:7      | Identified the -2 hat of Indecent Exposure {Str+7 SInv} (You found it on level 7 of the Dungeon)
 10117 | D:7      | ahaha
 10717 | D:6      | Reached skill level 5 in Transmutations
 10817 | D:8      | Reached skill level 9 in Unarmed Combat
 10862 | D:9      | Killed a hill giant
 10873 | D:9      | Reached skill level 5 in Spellcasting
 10906 | D:9      | Killed a hill giant
 10906 | D:9      | Gained mutation: You regenerate health from kills. [demonic ancestry]
 10906 | D:9      | Reached XP level 11. HP: 38/84 MP: 18/18
 11064 | D:10     | Noticed a hill giant
 11086 | D:10     | Noticed an unseen horror
 11126 | D:10     | Killed an unseen horror
 11587 | D:11     | well
 11587 | D:11     | nah
 11587 | D:11     | my rings are good
 11587 | D:11     | Gained mutation: You are missing a hand. [Ru sacrifice]
 11587 | D:11     | Reached **** piety under Ru
 11587 | D:11     | Reached ***** piety under Ru
 11587 | D:11     | Reached ****** piety under Ru
 11642 | D:11     | Noticed an unseen horror
 11670 | D:11     | Killed an unseen horror
 11829 | D:11     | Found Diulac's Magic Scroll Boutique.
 11830 | D:11     | Noticed Sonja
 11840 | D:11     | Killed Sonja
 11846 | D:11     | Bought a scroll of identify for 26 gold pieces
 11846 | D:11     | Bought a scroll of identify for 26 gold pieces
 11849 | D:11     | Bought a scroll of teleportation for 39 gold pieces
 11849 | D:11     | Bought a scroll of blinking for 97 gold pieces
 11907 | D:11     | Noticed Erica
 11930 | D:11     | Killed Erica
 12061 | D:11     | Noticed a four-headed hydra
 12063 | D:11     | hmm hydra
 12073 | D:11     | Killed a four-headed hydra
 12583 | D:12     | Found a staircase to the Orcish Mines.
 12803 | D:13     | hahaha
 13012 | D:13     | Noticed Maud
 13013 | D:13     | uh
 13013 | D:13     | yeah i'll be going
 13013 | D:13     | maud is silly powerful now
 13024 | D:13     | Killed Maud
 13024 | D:13     | Reached skill level 10 in Unarmed Combat
 13024 | D:13     | Gained mutation: You have razor-sharp toenails. [demonic ancestry]
 13024 | D:13     | Reached XP level 12. HP: 61/95 MP: 16/22
 13132 | D:13     | Reached skill level 10 in Dodging
 13722 | D:13     | Noticed a vault guard
 13764 | D:13     | Killed a vault guard
 13794 | D:13     | Found a gate to the Vaults.
 14594 | D:14     | Reached skill level 10 in Fighting
 14665 | D:14     | Gained mutation: Your magical and physical power is slightly enhanced at high health. [demonic ancestry]
 14665 | D:14     | Reached XP level 13. HP: 103/103 MP: 25/25
 14699 | D:14     | AUGH YEAH
 14699 | D:14     | man
 14699 | D:14     | aug + pbd? that's stupid as hell
 14699 | D:14     | wish i had spells that relied on power
 15022 | D:15     | Entered Level 15 of the Dungeon
 15740 | Orc:1    | Entered Level 1 of the Orcish Mines
 15791 | Orc:1    | Reached skill level 11 in Unarmed Combat
 15847 | Orc:1    | Found Zomelo's Assorted Antiques.
 15882 | Orc:1    | Bought a short bone wand for 108 gold pieces
 15882 | Orc:1    | Bought a fuming green potion for 24 gold pieces
 15882 | Orc:1    | Bought a scroll of enchant armour for 202 gold pieces
 15882 | Orc:1    | Bought a smoky golden potion for 24 gold pieces
 16400 | Orc:2    | Entered Level 2 of the Orcish Mines
 16580 | Orc:2    | Noticed Saint Roka
 16581 | Orc:2    | oh shit it's roka
 16581 | Orc:2    | hmm
 16581 | Orc:2    | apocalypse
 16581 | Orc:2    | ....
 16581 | Orc:2    | now
 16582 | Orc:2    | Found a roughly hewn altar of Beogh.
 16825 | Orc:2    | Noticed Josephine
 16977 | Orc:2    | Killed Saint Roka
 17203 | Orc:2    | man, roka is really hard to kill when he's in Orc
 17252 | Orc:2    | Found Ruetziwn's General Store.
 17283 | Orc:2    | Found Nyffejipn's Jewellery Emporium.
 17299 | Orc:2    | Found Ilent's Antique Armour Emporium.
 17307 | Orc:2    | Bought a diamond-studded ring mail for 360 gold pieces
 17307 | Orc:2    | Bought a runed helmet for 180 gold pieces
 17323 | Orc:2    | Identified the cursed +0 ring mail "Lekk" {+Inv rElec MP-9 Stlth+} (You bought it in a shop on level 2 of the Orcish Mines)
 17364 | Orc:2    | Killed Josephine
 17379 | Orc:2    | Found Juinnoef's Antique Weapon Emporium.
 17478 | Orc:2    | Found a staircase to the Elven Halls.
 17935 | Lair:1   | Entered Level 1 of the Lair of Beasts
 17986 | Lair:1   | Gained mutation: You have claws for feet. [demonic ancestry]
 17986 | Lair:1   | Reached XP level 14. HP: 113/113 MP: 27/27
 18474 | Lair:1   | Learned a level 4 spell: Ice Form
 18923 | Lair:2   | Gained mutation: Your spells are a little harder to cast, but a little more powerful. [potion of mutation]
 18923 | Lair:2   | Gained mutation: Your spells are harder to cast, but more powerful. [potion of mutation]
 18923 | Lair:2   | Gained mutation: Your natural rate of healing is unusually fast. [potion of mutation]
 19020 | Lair:2   | Lost mutation: Your natural rate of healing is unusually fast. [potion of cure mutation]
 19020 | Lair:2   | Lost mutation: Your spells are harder to cast, but more powerful. [potion of cure mutation]
 19020 | Lair:2   | Lost mutation: Your spells are a little harder to cast, but a little more powerful. [potion of cure mutation]
 19456 | Lair:3   | Reached skill level 12 in Unarmed Combat
 21024 | Lair:5   | Found a staircase to the Swamp.
 21091 | Lair:5   | Found a staircase to the Snake Pit.
 21264 | Lair:5   | Learned a level 3 spell: Ozocubu's Armour
 22065 | Lair:6   | Noticed Snorg
 22078 | Lair:6   | Killed Snorg
 23021 | Lair:7   | Reached skill level 13 in Unarmed Combat
 23232 | Lair:7   | Reached XP level 15. HP: 81/120 MP: 28/28
 23404 | Lair:7   | Found a staircase to the Slime Pits.
 23682 | Lair:8   | Entered Level 8 of the Lair of Beasts
 24482 | Lair:8   | Identified a scroll of acquirement
 24483 | Lair:8   | Got a scorched cloak
 24494 | Lair:8   | Identified the +1 cloak "Lacwoiha" {Int+2} (You acquired it on level 8 of the Lair of Beasts)
 25030 | Elf:1    | Entered Level 1 of the Elven Halls
 25187 | Elf:1    | Paralysed by a giant eyeball for 4 turns
 25204 | Elf:1    | Reached skill level 14 in Unarmed Combat
 25373 | Elf:1    | Noticed Agnes
 25398 | Elf:1    | HP: 5/122 [Agnes/lajatang of distortion (23)]
 25398 | Elf:1    | Slain by Agnes

Vault maps used:
D:1:      dpeg_arrival_shrine
D:2:      lemuel_coloured_pillars_altar, lemuel_round_altar, first_bread,
          kennysheep_generic_room_11, uniq_crazy_yiuf_cottage
D:3:      nicolae_ru_awakened_eye
D:4:      lemuel_round_altar, kennysheep_mini, minmay_misc_feat_diagonals,
          johnstein_pakellas_death_squad
D:5:      nicolae_overflow_hidden_temple, serial_shops, nicolae_shop_crystal,
          uniq_pikel
D:6:      yredelemnul_altar_generic, vehumet_crystals, kennysheep_mini_moat,
          minmay_temple_entry_statues_fountains, serial_shops, shop,
          uniq_grinder
D:7:      enter_ossuary_5, uniq_joseph
D:8:      hangedman_decor_peaks_small, david_nohive_1
D:9:      david_lair_shrubbed
D:10:     serial_park, serial_park_square1, serial_park_square3,
          serial_park_avenue1
D:11:     serial_shops, shop, minivault_26, uniq_erica, uniq_sonja
D:12:     orc_0_dummy
D:13:     grunt_vaults_entry_tiered, serial_glass, glass_columns_c,
          glass_columns_b, uniq_maud
D:14:     infiniplex_staircase_pool, minmay_misc_feat_rugged,
          minmay_misc_feat_encased, kennysheep_another_room
D:15:     grunt_enter_depths_hoard, nicolae_evil_shop, uniq_rupert
Lair:1:   st_stairs_4
Lair:2:   st_stairs_8, grunt_forest_stairs_basic, grunt_megastairs_3
Lair:3:   st_stairs_12, serial_bayou_shore_a
Lair:4:   st_stairs_11
Lair:5:   minmay_swamp_entry_worms, guppyfry_snake_entry_garden, st_stairs_8
Lair:6:   uniq_snorg
Lair:7:   nicolae_slime_entry_slimehenge, dpeg_stationary_puzzle
Lair:8:   grunt_lair_end_beastmaster
Orc:1:    serial_shops, nicolae_shop_window_shopping
Orc:2:    grunt_orc_cross, uniq_josephine
Elf:1:    minmay_elf_arrival_circle, hangedman_elf_represent,
          onia_ninara_cookie, uniq_agnes
Ossuary:  ossuary_minmay_scorpions

Action                   |  1- 3 |  4- 6 |  7- 9 | 10-12 | 13-15 || total
-------------------------+-------+-------+-------+-------+-------++-------
Melee: Unarmed           |   167 |   292 |   859 |  1152 |  1760 ||  4230
Throw: Throwing net      |       |     1 |       |       |       ||     1
 Cast: Sticks to Snakes  |     3 |    18 |     5 |       |       ||    26
       Beastly Appendage |       |     3 |     5 |     1 |       ||     9
       Blade Hands       |       |       |       |     1 |     8 ||     9
       Ozocubu's Armour  |       |       |       |       |     1 ||     1
Invok: Sacrifice Love    |       |       |     1 |       |       ||     1
       Sacrifice Drink   |       |       |     1 |       |       ||     1
       Sacrifice Durabil |       |       |     1 |       |       ||     1
       Draw Out Power    |       |       |       |     3 |       ||     3
       Power Leap        |       |       |       |     8 |    15 ||    23
       Sacrifice a Hand  |       |       |       |     1 |       ||     1
       Apocalypse        |       |       |       |       |     4 ||     4
Evoke: Wand              |       |       |     5 |       |     6 ||    11
  Use: Scroll            |       |    10 |    12 |    12 |    17 ||    51
       Potion            |       |     2 |       |     1 |     5 ||     8
 Stab: Sleeping          |     3 |     1 |     1 |       |     9 ||    14
       Invisible         |       |       |     4 |    16 |    18 ||    38
       Distracted        |       |       |       |     6 |    13 ||    19
       Paralysed         |       |       |       |     3 |    31 ||    34
       Petrifying        |       |       |       |       |     1 ||     1
       Petrified         |       |       |       |       |     1 ||     1
  Eat: Chunk             |     4 |     8 |     6 |    19 |    40 ||    77
       Beef jerky        |       |     1 |       |       |       ||     1
       Meat ration       |       |       |     2 |       |       ||     2
       Royal jelly       |       |       |       |     1 |       ||     1
